 Dungeon Crawl Stone Soup version 0.32-a0-576-g706899e (webtiles) character file.

Game seed: 3474893104711336382

36 Remcycle the Shield-Bearer (level 3, -2/29 HPs)
             Began as a Formicid Fighter on Mar 1, 2024.
             Slain by a gnoll
             ... wielding a +0 halberd
              (8 damage)
             ... on level 2 of the Dungeon.
             The game lasted 00:01:29 (897 turns).

Remcycle the Shield-Bearer (Formicid Fighter)        Turns: 897, Time: 00:01:30

Health: -2/29      AC: 10    Str: 22    XL:     3   Next: 57%
Magic:  3/3        EV:  9    Int:  7    God:
Gold:   45         SH:  5    Dex: 13    Spells: 2/2 levels left

rFire   . . .        a - +0 war axe
rCold   . . .        c - +0 buckler
rNeg    . . .        b - +0 scale mail
rPois   .            (helmet unavailable)
rElec   .            (no cloak)
rCorr   .            (no gloves)
SInv    +            m - +2 pair of boots
Will    .....        (no amulet) Stlth
                     (no ring)
HPRegen 0.24/turn    (no ring)
MPRegen 0.08/turn

%: no passive effects
@: no status effects
A: permanent stasis, dig shafts and tunnels, antennae 3, four strong arms
a: Dig, Shaft Self


You were on level 2 of the Dungeon.
You visited 1 branch of the dungeon, and saw 2 of its levels.

You collected 45 gold pieces.

Inventory:

Hand Weapons
 a - a +0 war axe (weapon)
Armour
 b - a +0 scale mail (worn)
 c - a +0 buckler (worn)
 m - a +2 pair of boots (worn)
Jewellery
 f - an amulet of faith
Scrolls
 g - 2 scrolls of identify {unknown}
 j - a scroll of summoning {unknown}
 l - a scroll of poison {unknown}
Potions
 d - a potion of might
 e - a potion of brilliance {unknown}
 h - a potion of ambrosia {unknown}
 i - 2 potions of resistance {unknown}
 k - a potion of enlightenment {unknown}


   Skills:
 - Level 3.2 Fighting
 + Level 3.7 Axes
 - Level 3.2 Armour
 - Level 4.0 Shields


You had 2 spell levels left.
You didn't know any spells.
Your spell library contained the following spells:

 Spells                   Type           Power      Damage    Failure   Level
 Call Imp                 Summ           0%         N/A       92%         2
 Sublimation of Blood     Necr           0%         N/A       92%         2
 Summon Blazeheart Golem  Fire/Summ      0%         N/A       100%        4
 Orb of Destruction       Conj           0%         9d5       100%        7
 Spellforged Servitor     Conj/Summ      0%         N/A       100%        7
 Summon Hydra             Summ           0%         N/A       100%        7


Dungeon Overview and Level Annotations

Branches:
Dungeon (2/15)

Altars:
Ru

Shops:
D:2 (


Innate Abilities, Weirdness & Mutations

You cannot be hasted, slowed, berserked, paralysed or teleported.
You can dig through walls and to a lower floor.
You have a pair of large antennae on your head. (SInv)
Your four strong arms can wield two-handed weapons with a shield.


Message History

You see here a +0 flail.
You closely miss the gnoll.
The rat squeaks loudly.
You block the gnoll's attack. The gnoll hits you with a +0 spear. x2
The gnoll barely misses you.
You hit the gnoll but do no damage.
The rat twitches its whiskers.
The gnoll closely misses you. The gnoll barely misses you.
You barely miss the gnoll. The gnoll barely misses you.
The gnoll closely misses you. x3
You closely miss the gnoll. The gnoll barely misses you.
The gnoll closely misses you.
You slash the gnoll!
The gnoll is severely wounded.
You closely miss the rat. The rat barely misses you.
The gnoll closely misses you. The gnoll hits you with a +0 spear.
A bat comes into view.
You slash the gnoll!
You kill the gnoll!
You closely miss the rat. The rat bites you but does no damage.
The gnoll barely misses you. You block the gnoll's attack.
The rat barely misses you.
You hit the rat.
You kill the rat!
The bat hits you but does no damage. You block the gnoll's attack.
You miss the bat. The bat hits you but does no damage.
The gnoll hits you from afar with a +0 halberd.
You hit the bat.
You kill the bat!
The gnoll hits you from afar with a +0 halberd. x2
* * * LOW HITPOINT WARNING * * *
You are too injured to fight recklessly!
You are too injured to fight recklessly!
You are too injured to fight recklessly!
The gnoll hits you but does no damage.
You see here a rat corpse.
You slash the gnoll!
The gnoll is almost dead.
The gnoll hits you with a +0 halberd!
You die...

#......#
#......#
#......#
########......#
..............#
..#######.####..
{ ##......# ..##
#.....###...#.
#..#.)@g.>..+
#....)....###
#.##.#....# #
...###..# #...
..# #.## .... #.
.... .. ....


You could see a gnoll.

Vanquished Creatures
  2 gnolls (D:2)
  A dart slug (D:2)
  2 bats
  An endoplasm (D:2)
  A hobgoblin (D:1)
  A quokka (D:1)
  2 ball pythons (D:1)
  3 frilled lizards (D:1)
  A kobold (D:1)
  5 rats
19 creatures vanquished.

Notes
Turn   | Place    | Note
-------+----------+-------------------------------------------
     0 | D:1      | Remcycle the Formicid Fighter began the quest for the Orb.
     0 | D:1      | Reached XP level 1. HP: 18/18 MP: 1/1
   486 | D:1      | Reached XP level 2. HP: 17/24 MP: 2/2
   705 | D:2      | Found Guorin's Antique Weapon Shoppe.
   819 | D:2      | Found a sacrificial altar of Ru.
   886 | D:2      | Reached XP level 3. HP: 24/29 MP: 3/3
   897 | D:2      | Slain by a gnoll

Illustrated notes

Levels and vault maps discovered:
D:1:      minmay_arrival_widening_spiral_wide, layout_basic,
          roderic_st_hans_cross
D:2:      layout_basic, serial_shops, shop, basic_altar, uniq_natasha

Skill      XL: |  1  2 |
---------------+-------+-----
Axes           | 3 |  3.7
Fighting       | |  3.2
Armour         | |  3.2
Shields        | |  4.0

Action                     || total
---------------------------++-------
  Melee: War axe           ||    48
 Armour: Scale mail        ||    50
  Dodge: Dodged            ||    30
  Block: Buckler           ||    12

Table legend: (Time is in decaauts)
 A = Elapsed time spent in this place.
 B = Non-inter-level travel time spent in this place.
 C = Inter-level travel time spent in this place.
 D = Time resting spent in this place.
 E = Time spent auto-exploring this place.
 F = Levels seen in this place.
 G = Mean time per level.
                   A        B        C        D        E       F      G
               +--------+--------+--------+--------+--------+-----+--------+
         Total |    915 |    912 |      3 |     39 |    730 |   2 |  457.5 |
       Dungeon |    915 |    912 |      3 |     39 |    730 |   2 |  457.5 |
               +--------+--------+--------+--------+--------+-----+--------+

Top non-repeatable levels by time:
     D:1: 681 daAuts
     D:2: 233 daAuts
